 Dungeon Crawl Stone Soup version 0.23-a0-204-g3eb00d1601 (webtiles) character file.

39679 PikkenKukken the Cleaver (level 13, 0/121 HPs)
             Began as a Deep Dwarf Fighter on Sept 24, 2018.
             Was the Champion of Makhleb.
             Slain by a tentacled starspawn (3 damage)
             ... on level 2 of the Abyss.
             The game lasted 00:41:11 (14195 turns).

PikkenKukken the Cleaver (Deep Dwarf Fighter)      Turns: 14195, Time: 00:41:11

Health: 0/121      AC: 16    Str: 23    XL:     13   Next: 70%
Magic:  14/14      EV: 12    Int: 11    God:    Makhleb [******]
Gold:   1109       SH:  0    Dex: 15    Spells: 12/12 levels left

rFire    + + .     SeeInvis .   k - +2 battleaxe (freeze)
rCold    . . .     Gourm    .   (shield currently unavailable)
rNeg     . . .     Faith    .   I - +0 plate armour
rPois    +         Spirit   .   (no helmet)
rElec    .         Reflect  .   o - scarf {cloud immunity}
rCorr    .         Harm     .   (no gloves)
MR       .....                  (no boots)
Stlth    ..........             (no amulet)
HPRegen  0.00/turn              N - ring of Wecat {rPois rF++ MR- Dex+3 Stlth-}
MPRegen  0.14/turn              v - +2 ring of protection

@: non-regenerating
A: damage resistance, heal wounds, sense surroundings 2, no regeneration
a: Heal Wounds, Minor Destruction, Lesser Servant of Makhleb, Major Destruction,
Greater Servant of Makhleb, Renounce Religion


You were on level 2 of the Abyss.
You worshipped Makhleb.
Makhleb was exalted by your worship.
You were not hungry.

You visited 3 branches of the dungeon, and saw 17 of its levels.
You visited the Abyss 1 time.
You also visited: Ossuary and Ice Cave.

You collected 1153 gold pieces.
You spent 44 gold pieces at shops.

Inventory:

Hand Weapons
 a - a +1 war axe
 k - a +2 battleaxe of freezing (weapon)
 F - the +9 morningstar of Bile {flame, rPois MR++ MP+9 Int-2}
   (You found it in an ice cave)

   It has been specially enchanted to burn those struck by it, causing extra
   injury to most foes and up to half again as much damage against particularly
   susceptible opponents.
   It affects your intelligence (-2).
   It protects you from poison.
   It affects your resistance to hostile enchantments.
   It affects your magic capacity (+9).
 H - a +0 hand axe of flaming
Armour
 c - a +1 shield
 o - a scarf of cloud immunity (worn)
 I - a +0 plate armour (worn)
 R - the +2 ratskin cloak {+Rats rPois rN+ Str-1 Int-1 Dex+1}
   (You acquired it on level 2 of the Abyss)

   It affects your strength (-1).
   It affects your intelligence (-1).
   It affects your dexterity (+1).
   It protects you from poison.
   It protects you from negative energy.
Jewellery
 b - a +3 ring of evasion
 d - an uncursed ring of protection from cold
 g - a +4 ring of strength
 t - an uncursed ring of positive energy
 v - a +2 ring of protection (right hand)
 B - an uncursed ring of poison resistance
 N - the ring of Wecat (left hand) {rPois rF++ MR- Dex+3 Stlth-}
   (You found it on level 3 of the Lair of Beasts)

   [ring of attention]

   It affects your dexterity (+3).
   It greatly protects you from fire.
   It protects you from poison.
   It affects your resistance to hostile enchantments.
   It makes you less stealthy.
 P - an uncursed ring of protection from cold
 S - an uncursed ring of resist corrosion {unknown}
Wands
 q - a wand of iceblast (13)
 z - a wand of digging (19)
 A - a wand of clouds (11)
 D - a wand of paralysis (14)
 G - a wand of acid (34)
 M - a wand of disintegration (10)
Scrolls
 n - 8 scrolls of remove curse
 r - 4 scrolls of magic mapping
 u - 2 scrolls of noise
 x - 4 scrolls of teleportation
 y - a scroll of fog
 E - a scroll of enchant weapon
 J - 4 scrolls of identify
 L - a scroll of silence
 O - a scroll of enchant armour
 Q - a scroll of fear
Potions
 e - 6 potions of haste
 h - a potion of cancellation
 i - 2 potions of resistance
 j - 8 potions of curing
 l - a potion of agility
 m - 4 potions of magic
 s - 5 potions of flight
 w - 4 potions of heal wounds
 C - a potion of lignification
Miscellaneous
 K - a box of beasts
Comestibles
 f - 12 rations


   Skills:
 + Level 9.1 Fighting
 * Level 14.0(14.1) Axes
 - Level 1.3(8.7) Maces & Flails
 + Level 10.7 Armour
 + Level 10.3 Dodging
 + Level 10.8 Shields
 + Level 9.5 Invocations


You had 12 spell levels left.
You didn't know any spells.
Your spell library contained the following spells:

 Spells                   Type           Power        Failure   Level  Hunger
 Corona                   Hex            #......      99%         1    ##.....
 Magic Dart               Conj           #...         99%         1    ##.....
 Blink                    Tloc           N/A          99%         2    ###....
 Call Imp                 Summ           #.......     99%         2    ###....
 Ensorcelled Hibernation  Hex/Ice        #.....       99%         2    ###....
 Slow                     Hex            #.......     99%         2    ###....
 Confuse                  Hex            #.......     100%        3    ####...
 Conjure Flame            Conj/Fire      #.......     100%        3    ####...
 Dazzling Spray           Conj/Hex       #.....       100%        3    ####...
 Mephitic Cloud           Conj/Pois/Air  #.......     100%        3    ####...
 Tukima's Dance           Hex            #.......     100%        3    ####...
 Ice Form                 Ice/Tmut       #.......     100%        4    #####..
 Metabolic Englaciation   Hex/Ice        #.........   100%        5    ######.
 Bolt of Cold             Conj/Ice       #.........   100%        6    #######
 Freezing Cloud           Conj/Ice/Air   #.........   100%        6    #######
 Ozocubu's Refrigeration  Ice            #.........   100%        6    #######
 Simulacrum               Ice/Necr       #.........   100%        6    #######


Dungeon Overview and Level Annotations

Branches:
Dungeon (11/15)            Temple (1/1) D:7            Lair (5/6) D:9
 Shoals (0/4) Lair:2       Spider (0/4) Lair:3        Slime (0/5) Lair:5
    Orc: D:9-12

Altars:
Ashenzari
Cheibriados
Dithmenos
Elyvilon
Fedhas
Gozag
Hepliaklqana
Kikubaaqudgha
Makhleb
Nemelex Xobeh
Okawaru
Qazlal
Ru
Sif Muna
Trog
Uskayaw
Vehumet
Wu Jian
Xom
Yredelemnul
Zin
The Shining One
Jiyva

Shops:
D:4 !

Annotations:
Lair:3 exclusion: 2 oklob plants


Innate Abilities, Weirdness & Mutations

You are resistant to damage.
You can heal yourself by infusing magical energy.
You passively map the area around you.
You do not regenerate.


Message History

The tentacled starspawn bites you!
* * * LOW HITPOINT WARNING * * *
The tentacled starspawn engulfs you!
* * * LOW HITPOINT WARNING * * *
You completely miss the tentacled starspawn.
The tentacled starspawn is lightly damaged.
The tentacled starspawn bites you but does no damage.
The tentacled starspawn engulfs you but does no damage.
You slice the tentacled starspawn!! You freeze the tentacled starspawn!
The tentacled starspawn is severely damaged.
The tentacled starspawn barely misses you.
The tentacled starspawn misses you.
You feel much better. The tentacled starspawn bites you!!
* * * LOW HITPOINT WARNING * * *
The tentacled starspawn engulfs you!
* * * LOW HITPOINT WARNING * * *
You slash the tentacled starspawn! You freeze the tentacled starspawn!
The tentacled starspawn is almost destroyed.
The tentacled starspawn misses you. The tentacled starspawn engulfs you!
You die...

### ###
#.. ###.#
#.##..###
#.#.##.# .
# ##
#.....# #
..#
##.##.##
.#
....#X@..#
#..##.#..#
.# #.
.#.#...# #
#
#.###.#...
. ..##. #
..##..# #
... .. .##
. # # .#
..##..# ##
## # #..#


You could see a tentacled starspawn.

Vanquished Creatures
  A frost giant (IceCv)
  A fire dragon (D:11)
  An ogre mage (D:11)
  4 hydras
  A centaur warrior (D:11)
  2 two-headed ogres (D:11)
  An unseen horror (D:11)
  A skeletal warrior (D:11)
  An ugly thing (D:10)
  A cyclops (D:11)
  An ice statue (IceCv)
  Joseph (D:7)
  2 black mambas
  A gargoyle (D:11)
  5 spiny frogs
  A rime drake (Lair:2)
  3 komodo dragons
  An ancient zyme (Abyss:2)
  A troll (D:11)
  Grinder (D:3)
  5 blink frogs (Lair:4)
  19 polar bears (IceCv)
  7 dream sheep (Lair:5)
  A fire dragon zombie (Abyss:2)
  2 hippogriffs
  3 redbacks (Lair:3)
  Sigmund (D:4)
  37 yaks
  A spriggan (D:7)
  A wyvern (Lair:3)
  A ynoxinul (Abyss:2)
  2 hungry ghosts
  3 basilisks
  A wraith (Abyss:2)
  An insubstantial wisp (Abyss:2)
  11 water moccasins
  10 porcupines
  3 orc warriors
  3 sky beasts
  2 ice beasts
  2 black bears
  6 ogres
  A necrophage (D:9)
  31 wolves
  5 centaurs
  6 crocodiles
  An elf zombie (Ossuary)
  A big kobold (D:11)
  Blork the orc (D:4)
  12 bullfrogs
  3 small abominations (Abyss:2)
  3 scorpions
  16 killer bees
  9 wights (D:9)
  An electric eel (Lair:4)
  3 howler monkeys
  5 crimson imps
  2 centaur zombies
  3 bullfrog zombies
  2 jellies
  10 starcursed masses (Abyss:2)
  An iron imp (D:6)
  6 hounds
  4 human zombies
  3 orc priests
  2 bullfrog skeletons
  7 orc wizards
  3 centaur skeletons
  2 human skeletons (D:6)
  4 worker ants
  An iguana (D:7)
  A statue (D:5)
  A big kobold zombie (Ossuary)
  3 hound zombies (D:9)
  2 hound skeletons
  2 mummies (Ossuary)
  A howler monkey zombie (D:6)
  2 worker ant zombies (D:7)
  A gnoll (D:1)
  9 adders
  2 shadow imps
  13 white imps
  2 oozes
  An adder zombie (Ossuary)
  An adder skeleton (D:6)
  4 worms
  5 dart slugs
  4 leopard geckos
  33 orcs
  5 giant cockroaches
  9 goblins
  9 hobgoblins
  11 jackals
  8 kobolds
  8 quokkas
  7 ball pythons
  8 bats
  3 frilled lizards
  2 goblin zombies (Ossuary)
  7 hobgoblin zombies (Ossuary)
  3 jackal zombies (Ossuary)
  9 kobold zombies (Ossuary)
  A leopard gecko skeleton (D:6)
  2 orc skeletons (D:6)
  9 orc zombies (Ossuary)
  6 rats
  A fungus (Lair:3)
496 creatures vanquished.

Vanquished Creatures (others)
  3 fungi
  A lurking horror (Abyss:2)
  2 plants (Lair:3)
6 creatures vanquished.

Grand Total: 502 creatures vanquished

Notes
Turn   | Place    | Note
-------+----------+-------------------------------------------
     0 | D:1      | PikkenKukken the Deep Dwarf Fighter began the quest for the
                  | Orb.
     0 | D:1      | Reached XP level 1. HP: 20/20 MP: 1/1
   100 | D:1      | Reached XP level 2. HP: 27/27 MP: 2/2
   273 | D:1      | Reached skill level 1 in Dodging
   308 | D:1      | Reached XP level 3. HP: 33/33 MP: 3/3
   345 | D:1      | Reached skill level 3 in Axes
   765 | D:2      | Found a blossoming altar of Fedhas.
   951 | D:2      | Found a faded altar of an unknown god.
  1056 | D:2      | Reached XP level 4. HP: 42/42 MP: 4/4
  1421 | D:3      | Reached XP level 5. HP: 40/49 MP: 5/5
  1547 | D:3      | Noticed Grinder
  1563 | D:3      | Paralysed by Grinder for 3 turns
  1572 | D:3      | Killed Grinder
  1572 | D:3      | Reached skill level 4 in Axes
  1572 | D:3      | Reached XP level 6. HP: 30/56 MP: 6/6
  2147 | D:4      | Found a hide-covered altar of Uskayaw.
  2221 | D:4      | Reached skill level 5 in Axes
  2256 | D:4      | Reached XP level 7. HP: 54/63 MP: 6/6
  2374 | D:4      | Noticed a hungry ghost
  2411 | D:4      | Killed a hungry ghost
  2562 | D:4      | Noticed Blork the orc
  2571 | D:4      | Killed Blork the orc
  2571 | D:4      | Reached skill level 5 in Shields
  2622 | D:4      | Found a shadowy altar of Dithmenos.
  2644 | D:4      | Found a sparkling altar of Nemelex Xobeh.
  2644 | D:4      | Found a bloodstained altar of Trog.
  2692 | D:4      | Noticed Sigmund
  2708 | D:4      | Killed Sigmund
  2708 | D:4      | Reached skill level 6 in Axes
  2708 | D:4      | Reached skill level 5 in Armour
  2880 | D:4      | Found Digosmedgh's Distillery.
  2888 | D:4      | Bought a potion of might for 44 gold pieces
  2982 | D:5      | Entered Level 5 of the Dungeon
  3034 | D:5      | Reached XP level 8. HP: 56/72 MP: 7/7
  3064 | D:5      | Found a glowing golden altar of the Shining One.
  3469 | D:5      | Found a radiant altar of Vehumet.
  3952 | D:6      | Found a sand-covered staircase.
  3958 | Ossuary  | Entered an ossuary
  4162 | Ossuary  | Reached skill level 7 in Axes
  4434 | D:6      | Reached skill level 5 in Dodging
  4437 | D:6      | Found a glowing silver altar of Zin.
  4636 | D:6      | Reached skill level 5 in Fighting
  4838 | D:6      | Got a slimy ring mail
  4850 | D:6      | Identified the +2 ring mail of the Game of Kings {rElec
                  | Stlth+} (You found it on level 6 of the Dungeon)
  4929 | D:6      | Gained mutation: You passively map the area around you.
                  | [Deep Dwarf growth]
  4929 | D:6      | Reached XP level 9. HP: 47/81 MP: 7/7
  4935 | D:6      | Found a snail-covered altar of Cheibriados.
  5229 | D:7      | Noticed Joseph
  5242 | D:7      | Killed Joseph
  5242 | D:7      | Reached skill level 8 in Axes
  5396 | D:7      | Found a staircase to the Ecumenical Temple.
  5406 | Temple   | Entered the Ecumenical Temple
  6149 | D:7      | Found a sacrificial altar of Ru.
  6229 | D:7      | Reached skill level 9 in Axes
  6566 | D:8      | Found a shimmering altar of Xom.
  6567 | D:8      | Found a shimmering altar of Xom.
  6567 | D:8      | Found a shimmering altar of Xom.
  6567 | D:8      | Found a shimmering altar of Xom.
  6568 | D:8      | Found a shimmering altar of Xom.
  6575 | D:8      | Found a shimmering altar of Xom.
  6696 | D:9      | Found a burning altar of Makhleb.
  6699 | D:9      | Became a worshipper of Makhleb the Destroyer
  6712 | D:9      | Reached XP level 10. HP: 73/91 MP: 7/7
  6726 | D:9      | Found an ornate altar of the Wu Jian Council.
  6757 | D:9      | Reached skill level 1 in Invocations
  7140 | D:9      | Found a staircase to the Lair.
  7213 | D:9      | Got a brightly glowing ring mail
  7224 | D:9      | Identified the cursed +0 ring mail "Lekunuu" {rPois Regen+}
                  | (You found it on level 9 of the Dungeon)
  7373 | D:9      | Reached * piety under Makhleb
  7623 | D:10     | Entered Level 10 of the Dungeon
  7779 | D:10     | Reached skill level 10 in Axes
  7897 | D:10     | Noticed a white ugly thing
  7919 | D:10     | Killed a white ugly thing
  8407 | Lair:1   | Entered Level 1 of the Lair of Beasts
  8507 | Lair:1   | Noticed a spiny frog
  8531 | Lair:1   | Reached ** piety under Makhleb
  8557 | Lair:1   | Killed a spiny frog
  8568 | Lair:1   | Noticed a black mamba
  8593 | Lair:1   | Killed a black mamba
  8838 | Lair:1   | Found a frozen archway.
  8850 | IceCv    | Entered an ice cave
  8954 | IceCv    | Reached XP level 11. HP: 52/99 MP: 11/11
  9124 | IceCv    | Reached *** piety under Makhleb
  9124 | IceCv    | Reached skill level 11 in Axes
  9142 | IceCv    | HP: 3/99 [polar bear (17)]
  9167 | IceCv    | Reached skill level 5 in Invocations
  9600 | IceCv    | Noticed a frost giant
  9626 | IceCv    | Killed a frost giant
  9636 | IceCv    | Reached skill level 12 in Axes
  9636 | IceCv    | Reached XP level 12. HP: 88/109 MP: 12/12
  9660 | IceCv    | Reached **** piety under Makhleb
  9677 | IceCv    | Got a transparent morningstar
  9695 | IceCv    | Identified the +9 morningstar of Bile {flame, rPois MR++
                  | MP+9 Int-2} (You found it in an ice cave)
 10019 | Lair:1   | You fall through a shaft!
 10384 | Lair:2   | Reached skill level 1 in Maces & Flails
 10477 | Lair:2   | Found a staircase to the Shoals.
 10724 | Lair:2   | Noticed a seven-headed hydra
 10735 | Lair:2   | Killed a seven-headed hydra
 11337 | Lair:3   | Reached ***** piety under Makhleb
 11360 | Lair:3   | Noticed a four-headed hydra
 11372 | Lair:3   | Killed a four-headed hydra
 11377 | Lair:3   | Found a hole to the Spider Nest.
 11447 | Lair:3   | Got a heavily runed jade ring
 11449 | Lair:3   | Identified the ring of Wecat {rPois rF++ MR- Dex+3 Stlth-}
                  | (You found it on level 3 of the Lair of Beasts)
 11739 | Lair:4   | Noticed a five-headed hydra
 11748 | Lair:3   | Reached skill level 10 in Shields
 11764 | Lair:3   | Killed a five-headed hydra
 11764 | Lair:3   | Reached skill level 13 in Axes
 11764 | Lair:3   | Reached skill level 10 in Armour
 12242 | Lair:4   | Reached XP level 13. HP: 116/118 MP: 14/14
 12774 | Lair:5   | Found a viscous altar of Jiyva.
 12775 | Lair:5   | Found a staircase to the Slime Pits.
 13531 | D:11     | Reached skill level 10 in Dodging
 13615 | D:11     | Reached ****** piety under Makhleb
 13732 | D:11     | Noticed a fire dragon
 13749 | D:11     | Killed a fire dragon
 13777 | D:11     | Reached skill level 14 in Axes
 13777 | D:11     | Cast into level 2 of the Abyss (a wizard)
 13954 | Abyss:2  | Noticed a starcursed mass
 13955 | Abyss:2  | Identified a scroll of acquirement
 13956 | Abyss:2  | Found the +2 ratskin cloak {+Rats rPois rN+ Str-1 Int-1
                  | Dex+1}
 13987 | Abyss:2  | Noticed a purple very ugly thing
 13987 | Abyss:2  | Noticed a purple very ugly thing
 13995 | Abyss:2  | Noticed a purple very ugly thing
 14154 | Abyss:2  | Found a corrupted altar of Lugonu.
 14186 | Abyss:2  | Noticed a tentacled starspawn
 14194 | Abyss:2  | HP: 3/121 [tentacled starspawn (12)]
 14195 | Abyss:2  | Slain by a tentacled starspawn

Vault maps used:
D:1:      dpeg_arrival_windows_large_door, serial_glass, glass_columns_c,
          glass_columns_c, due_unseen_surprise, minmay_strange_pillars,
          feat_on_display, fountainhead, minmay_shallow_snake_nest
D:2:      fedhas_altar_3, first_ration, chequers_ecumenical_altar_island,
          nrook_mini_backslash
D:3:      uniq_grinder
D:4:      gammafunk_temple_overflow_elements, nicolae_dithmenos_the_darkroom,
          kennysheep_little_box, serial_shops, shop, minmay_misc_feat_tiny,
          uniq_sigmund, uniq_blork_the_orc
D:5:      lemuel_coloured_pillars_altar, vehumet_statue
D:6:      lemuel_doored_altar, cheibrodos_sewer_entry_bend,
          nicolae_ossuary_entry_catacombs, chei_slow_surprise
D:7:      nicolae_ru_the_path_less_chosen, lemuel_temple_firewalk_a,
          enter_bailey_3, the_bakery, uniq_joseph
D:8:      xom_redecorated
D:9:      overflow_temple_1_default, lemuel_crystal_altar, lair_entry_dummy,
          serial_undead, serial_undead_a, serial_undead_e, serial_undead_b,
          serial_undead_e, serial_undead_b, serial_undead_f
D:10:     minmay_statues_item
D:11:     minmay_tri_box
Temple:   pf_slimified_temple
Lair:1:   portal_ice_cave_entry_imps
Lair:2:   minmay_shoals_entry_centaurs
Lair:3:   spider_nest_entry_webs, minmay_lair_oklob_chamber
Lair:4:   grunt_megastairs_3, infiniplex_staircase_pool
Lair:5:   slime_altar_1
Ossuary:  ossuary_tomb_1
IceCv:    ice_cave_caverns_01

Skill      XL: |  1  2  3  4  5  6  7  8  9 10 11 12 13 |
---------------+----------------------------------------+-----
Dodging        | 1 2 3 4 5 6 7 8 9 10 | 10.3
Axes           | 3 4 5 6 7 9 10 12 13 14 | 14.0
Fighting       | 3 4 5 6 7 8 9 |  9.1
Shields        | 4 5 6 7 8 9 10 | 10.8
Armour         | 4 5 6 7 8 9 10 | 10.7
Invocations    | 4 6 8 9 |  9.5
Maces & Flails | 1 |  1.3

Action                   |  1- 3 |  4- 6 |  7- 9 | 10-12 | 13-15 || total
-------------------------+-------+-------+-------+-------+-------++-------
Melee: War axe           |   110 |   150 |   577 |   913 |       ||  1750
       Battleaxe         |       |       |       |   250 |   280 ||   530
       Morningstar       |       |       |       |    20 |     9 ||    29
Invok: Minor Destruction |       |       |       |     3 |       ||     3
       Major Destruction |       |       |       |       |     4 ||     4
       Lesser Servant of |       |       |       |       |     1 ||     1
 Abil: Heal Wounds       |       |     2 |     6 |    30 |     8 ||    46
  Use: Scroll            |     4 |     2 |     9 |     9 |     4 ||    28
       Potion            |       |     1 |     3 |     4 |     1 ||     9
  Eat: Chunk             |     1 |     4 |    11 |    20 |     3 ||    39
       Ration            |       |       |     4 |       |     1 ||     5
Armor: Scale mail        |    56 |    59 |    13 |       |       ||   128
       Chain mail        |       |       |    95 |       |       ||    95
       Ring mail         |       |       |    50 |       |       ||    50
       Plate armour      |       |       |    11 |   589 |   137 ||   737
       Skin              |       |       |       |    10 |       ||    10
Dodge: Dodged            |    29 |    40 |   229 |   571 |   131 ||  1000
Block: Shield            |    66 |    86 |   297 |   674 |       ||  1123

Table legend:
 A = Non-vault XP
 B = Vault XP
 C = Vault XP percentage of total XP
 D = Non-vault monster count
 E = Vault monster count
 F = Vault count percentage of total count
                 A         B        C        D         E       F
            +---------+---------+-------+---------+---------+-------
      Total |   36007 |   20678 |  36.5 |     346 |     149 |  30.1
            +---------+---------+-------+---------+---------+-------
        D:1 |      61 |       4 |   6.2 |      21 |       4 |  16.0
        D:2 |      69 |       0 |   0.0 |      24 |       0 |   0.0
        D:3 |     175 |     290 |  62.4 |      31 |       1 |   3.1
        D:4 |     406 |     318 |  43.9 |       8 |       2 |  20.0
        D:5 |     399 |      32 |   7.4 |      16 |       1 |   5.9
        D:6 |     579 |     208 |  26.4 |      14 |       8 |  36.4
        D:7 |    1349 |     709 |  34.5 |      27 |       6 |  18.2
        D:8 |     571 |       0 |   0.0 |      11 |       0 |   0.0
        D:9 |    1293 |     553 |  30.0 |      25 |      11 |  30.6
       D:10 |    1474 |       0 |   0.0 |      17 |       0 |   0.0
       D:11 |    7380 |    3870 |  34.4 |      41 |       5 |  10.9
     Lair:1 |    2688 |     123 |   4.4 |      17 |      12 |  41.4
     Lair:2 |    3388 |     342 |   9.2 |      12 |       3 |  20.0
     Lair:3 |    6567 |     688 |   9.5 |      29 |       3 |   9.4
     Lair:4 |    4589 |     286 |   5.9 |      24 |       2 |   7.7
     Lair:5 |    2756 |       0 |   0.0 |      10 |       0 |   0.0
    Abyss:2 |    2263 |       0 |   0.0 |      19 |       0 |   0.0
    Ossuary |       0 |     329 | 100.0 |       0 |      38 | 100.0
      IceCv |       0 |   12926 | 100.0 |       0 |      53 | 100.0
            +---------+---------+-------+---------+---------+-------
